Map: Pillars of Gold LE

Players

Geralt (Gerald)

  • Race: Protoss Protoss
  • League: Grandmaster
  • Spawn Location: 1:00

soul - Winner!

  • Race: Terran Terran
  • League: Master
  • Spawn Location: 7:00

Event: DreamHack SC2 Masters 2020 Summer Europe

VOD

Have the link to the VOD?

Description

Time

  • Played on: July 8, 2020, 11:14 a.m.
  • Length: 15:15

All games in this series

Show
View Real Time Build Order
Export as new Build Order

Geralt Protoss 

Build Orders: 1 Gate Expand, Blink Stalkers, Chargelot Immortal, Dark Templar Rush 

Get SALT Encoding   

  12  0:00  Probe  
  13  0:12  Probe  
  14  0:18  Pylon  
  14  0:22  Probe  
  15  0:32  Probe  
  15  0:38  Gateway  
  15  0:41  Probe  
  16  0:47  Assimilator  
  17  0:53  Probe  
  18  1:05  Probe  
  19  1:17  Probe  
  20  1:25  Cybernetics Core  
  20  1:29  Probe  
  21  1:39  Nexus  
  21  1:45  Pylon  
  21  1:51  Probe  
  21  1:53  Adept  
  22  1:55  Assimilator  
  22  2:03  Probe  
  25  2:15  Probe  
  26  2:17  Twilight Council  
  26  2:20  Stalker  
  26  2:27  Probe  
  29  2:35  Pylon  
  29  2:36  Warp Gate  
  29  2:41  Probe  
  32  2:58  Probe  
  32  2:59  Probe  
  32  3:02  Blink  
  32  3:06  Assimilator  
  32  3:07  Dark Shrine  
  32  3:10  Probe  
  33  3:13  Probe  
  34  3:23  Probe  
  34  3:25  Probe, Gateway  
  34  3:35  Probe  
  35  3:41  Gateway  
  35  3:43  Probe  
  35  3:47  Probe  
  37  3:54  Robotics Facility  
  37  3:56  Probe  
  37  3:59  Probe  
  39  4:08  Probe  
  40  4:11  Probe  
  40  4:15  Pylon  
  41  4:20  Probe  
  41  4:24  Probe, Dark Templar  
  43  4:25  Dark Templar  
  47  4:32  Probe  
  47  4:36  Probe  
  47  4:37  Stalker, Forge  
  51  4:42  Observer  
  51  4:43  Pylon  
  53  4:53  Charge  
  53  4:56  Nexus  
  52  5:08  Stalker x2  
  52  5:12  Stalker  
  52  5:14  Probe, Protoss Ground Armor Level 1  
  59  5:23  Pylon  
  59  5:30  Probe  
  59  5:31  Probe  
  59  5:32  Gateway, Observer  
  61  5:35  Gateway  
  61  5:36  Observer  
  61  5:42  Probe  
  62  5:43  Probe  
  65  5:51  Immortal  
  65  5:54  Probe  
  65  5:55  Probe  
  69  6:05  Shield Battery, Zealot x2  
  69  6:06  Probe  
  69  6:07  Zealot  
  76  6:12  Probe x2  
  76  6:15  Shield Battery  
  78  6:21  Robotics Bay  
  78  6:22  Probe  
  79  6:31  Immortal  
  80  6:38  Probe  
  81  6:42  Zealot x3  
  81  6:43  Probe, Zealot  
  81  6:45  Probe  
  91  6:50  Probe  
  92  6:58  Pylon x2  
  91  7:13  Zealot  
  91  7:14  Probe  
  93  7:18  Zealot  
  93  7:19  Zealot x3  
  99  7:34  Zealot  
  99  7:35  Immortal  
  102  7:38  Probe  
  102  7:39  Zealot x2  
  102  7:43  Probe  
  102  7:44  Probe  
  101  7:55  Zealot  
  101  7:56  Zealot x2  
  101  7:57  Probe  
  101  7:59  Probe  
  93  8:09  Probe x2  
  93  8:11  Probe, Immortal  
  89  8:14  Stalker x2  
  97  8:22  Zealot  
  98  8:27  Probe  
  98  8:33  Probe x2  
  101  8:35  Probe  
  102  8:44  Probe  
  102  8:45  Probe x2  
  102  8:46  Dark Templar  
  107  8:50  Protoss Ground Weapons Level 1  
  107  9:01  Pylon  
  107  9:02  Pylon  
  107  9:06  Disruptor  
  102  9:22  Pylon  
  102  9:24  Pylon  
  100  9:25  Pylon  
  98  9:32  Stalker x4  
  98  9:37  Dark Templar  
  98  9:38  Probe  
  89  9:42  Probe, Disruptor  
  80  9:51  Probe  
  79  9:59  Zealot x2, Dark Templar  
  85  10:05  Observer  
  78  10:17  Disruptor  
  81  10:31  Stalker x3  
  81  10:32  Zealot x2  
  89  10:48  Nexus  
  89  10:49  Pylon  
  85  11:03  Disruptor  
  82  11:14  Stalker x2, Zealot x2  
  86  11:33  Zealot  
  86  11:35  Probe  
  86  11:37  Probe  
  92  11:41  Stalker x4  
  98  11:54  Disruptor  
  97  11:58  Zealot  
  102  12:14  Zealot x4  
  91  12:40  Zealot x5  
  95  12:45  Disruptor  
  98  12:53  Nexus  
  98  13:04  Zealot x5  
  106  13:26  Dark Templar x2  
  107  13:33  Zealot x2  
  71  14:19  Pylon  
  59  14:41  Zealot x3  
Show
View Real Time Build Order
Export as new Build Order

soul Terran - Winner!

Build Orders: 2 Factory 

Get SALT Encoding   

  12  0:00  SCV  
  13  0:13  SCV  
  14  0:18  Supply Depot  
  14  0:25  SCV  
  15  0:39  SCV  
  15  0:40  Barracks  
  16  0:45  Refinery  
  16  0:51  SCV  
  17  1:03  SCV  
  18  1:16  SCV  
  19  1:27  Marine  
  19  1:28  Orbital Command  
  20  1:50  Command Center  
  20  1:54  SCV  
  21  2:03  Factory  
  21  2:06  Barracks Reactor  
  21  2:10  SCV  
  21  2:14  Bunker  
  22  2:22  SCV  
  23  2:24  Supply Depot  
  23  2:25  Factory  
  23  2:36  Refinery  
  23  2:45  SCV, Marine x2  
  26  2:57  SCV  
  26  3:01  Orbital Command  
  26  3:03  Marine x2  
  28  3:09  SCV  
  28  3:11  Starport  
  29  3:16  Factory Tech Lab  
  29  3:22  SCV, Marine  
  29  3:24  Marine  
  32  3:27  SCV  
  32  3:34  SCV  
  34  3:40  SCV, Barracks  
  34  3:41  Factory Tech Lab  
  35  3:46  SCV, Marine x2  
  38  3:52  SCV  
  38  3:54  Raven  
  41  3:58  SCV  
  42  4:03  Supply Depot  
  42  4:04  SCV  
  42  4:07  Siege Tank  
  46  4:14  Supply Depot  
  46  4:22  Barracks  
  46  4:24  Marine x2  
  46  4:25  SCV x2  
  50  4:36  Supply Depot  
  50  4:37  SCV x2  
  50  4:38  Supply Depot  
  52  4:42  Marine  
  53  4:46  Stimpack  
  53  4:49  SCV x2, Starport Reactor  
  55  4:54  Engineering Bay  
  55  4:55  Factory Reactor  
  55  4:56  Refinery  
  57  5:00  Marauder  
  57  5:01  SCV  
  57  5:03  SCV  
  58  5:13  SCV  
  59  5:15  Combat Shield  
  59  5:16  Marauder, Marine x2  
  59  5:20  SCV  
  66  5:21  Marauder  
  66  5:23  Missile Turret  
  66  5:25  SCV  
  67  5:29  Medivac  
  67  5:31  Refinery  
  67  5:32  Widow Mine  
  67  5:35  SCV  
  72  5:37  Widow Mine  
  72  5:39  Supply Depot  
  72  5:40  SCV  
  72  5:41  Supply Depot  
  75  5:45  Marine  
  75  5:46  Marauder  
  78  6:01  SCV, Medivac, Marauder, Marine  
  78  6:03  Supply Depot, Marine  
  85  6:05  Supply Depot  
  85  6:07  Medivac, Marauder  
  85  6:08  Widow Mine  
  85  6:10  Widow Mine  
  93  6:19  Marine  
  93  6:20  Terran Infantry Weapons Level 1  
  93  6:24  Marine  
  95  6:28  Command Center  
  95  6:31  Medivac  
  99  6:33  Marauder  
  99  6:35  Widow Mine  
  99  6:36  Marine  
  99  6:37  Supply Depot  
  99  6:38  Widow Mine  
  104  6:41  Marauder  
  104  6:42  Marine  
  104  6:43  SCV  
  108  6:49  SCV  
  108  6:51  Supply Depot  
  109  6:55  SCV  
  109  6:57  Marine  
  109  6:59  Marauder  
  111  7:02  Supply Depot  
  111  7:12  SCV  
  110  7:17  Medivac  
  110  7:19  Marine  
  110  7:20  Marauder  
  110  7:22  Widow Mine  
  117  7:23  Marine  
  117  7:24  SCV, Marauder  
  117  7:27  SCV  
  121  7:36  SCV  
  120  7:37  Marine  
  120  7:40  Barracks  
  120  7:41  Marauder, Marine  
  120  7:42  Barracks  
  120  7:43  Widow Mine  
  121  7:45  Marauder  
  121  7:47  SCV  
  121  7:48  Medivac  
  126  7:55  Marine  
  122  7:59  Marine  
  122  8:02  Marauder  
  122  8:03  Medivac  
  122  8:05  SCV  
  122  8:07  Marauder  
  122  8:09  Widow Mine  
  121  8:12  Marine  
  121  8:13  SCV  
  121  8:17  Marine, Widow Mine  
  121  8:19  SCV  
  121  8:24  Marauder  
  123  8:28  Marauder  
  123  8:30  Widow Mine, Marine  
  128  8:34  SCV x2  
  128  8:36  Terran Infantry Armor Level 1  
  128  8:39  Widow Mine  
  128  8:40  Barracks Reactor, Barracks Tech Lab  
  132  8:44  Marine  
  132  8:46  SCV  
  136  8:51  Widow Mine  
  136  8:52  Orbital Command  
  136  8:54  Missile Turret, Marine  
  137  8:57  SCV  
  137  9:01  Marauder  
  139  9:03  Medivac  
  139  9:05  Marine  
  139  9:07  Supply Depot  
  141  9:12  Marauder  
  141  9:15  Marauder, Marine  
  136  9:19  Marine  
  136  9:21  Marine  
  136  9:22  Marauder  
  136  9:23  Marine  
  135  9:32  Marine  
  135  9:34  Marauder  
  135  9:36  Marine  
  135  9:37  Marauder  
  137  9:39  Marine  
  137  9:41  Marine  
  137  9:43  Marauder  
  130  9:48  Widow Mine  
  130  9:49  SCV  
  130  9:50  Marine  
  129  9:55  Marauder, Ghost Academy  
  129  9:56  SCV  
  129  9:58  Marauder, Widow Mine  
  136  10:00  Marine  
  136  10:01  Marine  
  138  10:08  Marine  
  138  10:12  Widow Mine  
  138  10:14  Medivac  
  138  10:19  Supply Depot, Widow Mine  
  138  10:20  Medivac  
  142  10:25  Ghost x3  
  142  10:27  Enhanced Shockwaves  
  145  10:32  Missile Turret  
  143  10:37  Marine  
  144  10:49  Marine  
  145  10:54  Ghost x2  
  145  10:55  Marauder  
  145  10:56  Refinery x2  
  133  10:58  Command Center, Marine  
  133  11:00  Marine  
  125  11:11  Marine, Liberator  
  118  11:12  Liberator  
  118  11:16  Marauder, Fusion Core  
  118  11:18  SCV  
  127  11:20  SCV  
  127  11:23  Ghost, Marauder, Marine  
  133  11:30  Marine  
  133  11:32  Marine  
  125  11:38  Marauder  
  125  11:39  Widow Mine  
  129  11:44  Marine  
  129  11:45  Marauder  
  131  11:51  Marine  
  131  11:52  Marauder  
  131  11:53  Marine  
  133  11:58  Medivac x2, Marine  
  133  11:59  Marauder  
  138  12:02  Marine, Widow Mine  
  138  12:06  Marauder  
  138  12:08  Orbital Command, Marine  
  142  12:13  Marauder  
  145  12:16  Marine  
  145  12:20  Marauder  
  145  12:21  Marine  
  149  12:24  Marine  
  149  12:28  Marauder  
  149  12:29  Marine  
  146  12:34  Marine  
  146  12:35  Marauder  
  135  12:39  Medivac, Marine  
  135  12:42  Medivac, Marauder, Marine  
  135  12:43  Advanced Ballistics  
  143  12:47  Marine  
  144  12:54  Marauder, Marine  
  147  13:05  Marauder  
  149  13:10  Concussive Shells  
  149  13:14  Marine x2  
  149  13:23  Marauder x2, Marine, Liberator  
  149  13:25  Marine  
  149  13:26  Marauder  
  146  13:32  Marine x2  
  145  13:41  Marine  
  144  13:43  Marine  
  144  13:45  Marauder  
  144  13:47  Marauder  
  141  13:50  Marine  
  141  13:54  Orbital Command  
  116  14:06  Marauder  
  117  14:13  Marine  
  116  14:22  Marine  
  116  14:23  Marauder  
  115  14:28  Marine  
  115  14:29  Marine  
  117  14:36  Marine  
  117  14:37  Marauder  
  113  14:44  Marine  
  113  14:45  Marauder  
  104  14:50  Marine  
  99  14:56  Marine  
Tags
 
Add a new tag
Caveats
  • Supply blocks, unpowered buildings, or Contaminate may cause inaccurate times.
  • Supply counts are checked every 10 seconds.